[Event "39th Muensterland Open 2022"]
[Site "Muenster"]
[Date "2022.10.04"]
[Round "5.7"]
[White "Stillger, Bernhard"]
[Black "Mueller, Martin"]
[Result "1/2-1/2"]
[ECO "A80"]
[WhiteElo "2279"]
[BlackElo "2130"]
[Annotator "TA"]
[PlyCount "152"]
[EventDate "2022.10.01"]
[EventType "swiss"]
[EventCountry "GER"]
[SourceTitle "playchess.com"]
[Source "ChessBase"]
[SourceQuality "1"]
[TimeControl "40/5400+30:1800+30"]

1. d4 f5 2. Nc3 Nf6 3. Bg5 d5 4. e3 e6 5. Nf3 Be7 6. Bd3 c5 {[%emt 0:00:48] A80: Dutch Defence: Unusual White second moves.} 7. dxc5 Bxc5 8. O-O O-O {[%emt 0:01:20] White is slightly better.} 9. Na4 Be7 10. c4 Nc6 11. Rc1 {[%emt 0:10:32] [#]} Bd7 $146 ({Predecessor:} 11... Ne4 12. Bxe7 Nxe7 13. cxd5 Nxd5 14. Bxe4 fxe4 15. Nd2 b6 16. Nxe4 Ba6 17. Re1 Qh4 {1-0 (65) Pecotic,K (2034)-Parrilla,A (2003) IECG email 2005}) 12. Bxf6 Rxf6 13. cxd5 Nb4 {[%emt 0:07:31] [#] Strongly threatening ...Bxa4.} 14. Nc3 Nxd5 15. Nxd5 exd5 16. Qb3 Bc6 17. Rfd1 {[%emt 0:03:11] White has more active pieces.} Qb6 18. Nd4 f4 19. Nxc6 bxc6 20. e4 Qxb3 21. axb3 Rd8 22. exd5 cxd5 23. Rc7 Re6 24. Rxa7 Bf6 25. Ra6 {[%emt 0:06:11] Against Rb6} Rxa6 26. Bxa6 $11 {[%emt 0:00:07][%mdl 4096] Endgame KRB-KRB} Kf8 27. Bb7 d4 28. Rd3 Rd7 29. Bf3 Ke7 30. g3 fxg3 31. hxg3 Rc7 32. Be4 Rc1+ 33. Kg2 h6 34. b4 Kd6 35. Ra3 Rc4 36. Rb3 Kc7 37. Bd3 Rc1 38. Ra3 ({Better is} 38. b5 $16) 38... Rd1 $1 $14 39. Kf3 (39. b5 $14) 39... Rd2 $11 40. Rb3 Kb6 41. b5 Be7 42. Kg2 Bc5 43. Kf1 {[%emt 0:00:00] [#] Threatens to win with Ke1.} Rd1+ 44. Ke2 Ra1 45. Be4 Ra7 46. Bc6 Re7+ 47. Kf1 Rf7 48. Rd3 Ka5 49. Bd5 Rf5 50. Bc4 Kb4 51. b3 Rf8 52. Kg2 Rf6 53. f4 Rf8 54. Kf3 Re8 55. Kg4 Re3 56. Rxe3 dxe3 $14 {[%emt 0:00:00] KB-KB} 57. Kf5 Ka5 58. Ke5 Kb6 59. g4 Kc7 60. Kd5 Kb6 61. Be2 Ba3 62. Ke4 Bc1 63. Ke5 Bb2+ 64. Ke6 Bc3 65. f5 (65. Kd5 $14) 65... Bf6 66. Kd5 Bb2 67. Ke4 Bc1 $1 68. Kf4 Bd2 69. Ke5 Bc1 70. Ke6 {[%emt 0:00:02] aiming for f6.} Bb2 {[%emt 0:00:08] Prevents f6.} 71. b4 Bc3 72. Bf1 Bb2 73. Kd5 {[%emt 0:00:17] White has an edge.} Bc3 74. Ke4 Bd2 75. Be2 Bc1 76. Kd4 Bd2 {[%emt 0:00:07] Weighted Error Value: White=0.08 (flawless) /Black=0.08 (flawless)} 1/2-1/2

[Event "39th Muensterland Open 2022"]
[Site "Muenster"]
[Date "2022.10.04"]
[Round "5.8"]
[White "Ollenberger, Roland"]
[Black "Rott, Georg"]
[Result "0-1"]
[ECO "D32"]
[WhiteElo "2256"]
[BlackElo "2064"]
[Annotator "TA"]
[PlyCount "116"]
[EventDate "2022.10.01"]
[EventType "swiss"]
[EventCountry "GER"]
[SourceTitle "playchess.com"]
[Source "ChessBase"]
[SourceQuality "1"]
[TimeControl "40/5400+30:1800+30"]

1. c4 e6 2. Nc3 d5 3. e3 Nf6 4. Nf3 c5 5. cxd5 exd5 6. d4 Nc6 7. Be2 a6 8. O-O Be7 9. b3 O-O 10. Bb2 Be6 11. Rc1 {[%emt 0:05:02] D32: Tarrasch Defence: Sidelines and lines without g3.} Ne4 12. dxc5 Nxc5 13. Nd4 {[%emt 1:00:55] White is better.} Rc8 14. Nxc6 ({White should try} 14. Nxe6 $16 fxe6 15. Bg4) 14... Rxc6 15. Bf3 $1 Bf6 {[%emt 0:04:00] [#]} 16. Ba3 $146 ({Predecessor:} 16. Qd2 Qa5 17. Rfd1 Rd8 18. Ne4 Qxa2 19. Nxf6+ gxf6 20. Ra1 Qxb3 21. Bxf6 Re8 22. e4 Bf5 23. exf5 Rxf6 24. Qg5+ {1-0 (25) Bang,A (2210)-Honfi,G (2270) Balatonbereny 1987}) 16... Qa5 17. Nxd5 (17. Na4 Nxa4 18. bxa4 Rfc8 $15) 17... Bxd5 (17... Qxa3 $2 18. Nxf6+ gxf6 19. Bxc6 $18) 18. Bxd5 Rd8 (18... Qxa3 $2 19. Bxc6 bxc6 20. Qd6 $18) 19. Bxc5 ({And not} 19. Qh5 Rxd5 20. Qxd5 Qxa3 $15) 19... Rxc5 20. Rxc5 Qxc5 21. e4 b6 22. Qf3 a5 23. Rd1 {[%emt 0:00:07][%cal Oe4e5,Bf1d1,Bd1c1,Bc1c6][%mdl 32] Threatens to win with e5!} Rd7 24. g3 Bd4 25. Kg2 g6 {[%emt 0:00:17] Inhibits Qf5.} 26. h4 h5 27. Qf4 Kg7 28. Rc1 Qe7 29. Rc6 Bc5 30. Rc8 Rd6 {[%emt 0:00:54] ...Rf6 is the strong threat.} 31. f3 $2 {[%emt 0:03:57][%mdl 8192] [#]} (31. Qg5 $16 Rd7 32. f4 (32. Qc1 Qf6 $16) (32. Qf4 Bd6 $16)) 31... Rxd5 $1 $19 32. g4 {[%emt 0:09:04] [#]} (32. Rc7 Rd7) 32... Rd1 (32... Qxh4 $142 $1 33. Rxc5 Rxc5 34. Qd2 hxg4 35. f4 Qh3+ 36. Kf2 g3+ 37. Ke2 Qh2+ 38. Kd1 Qh1+ 39. Ke2 Qxe4+ 40. Qe3 Rc2+ 41. Kd1 Qxe3 42. Kxc2 g2 43. Kb2 g1=R 44. Kc2 Rg2+ 45. Kd1 Qg1#) 33. Rc7 Rg1+ 34. Kh3 Qf6 (34... Qe6 $142 35. e5 hxg4+ 36. fxg4 Qd5 37. Qf6+ Kg8 38. Rc8+ Bf8 39. Rxf8+ Kxf8 40. Qd6+ Qxd6 41. exd6 Rh1+ 42. Kg3 Ke8) 35. Qxf6+ Kxf6 {[%emt 0:00:01][%mdl 4096] Endgame KRB-KR} 36. g5+ Ke6 37. Rc6+ Kd7 38. Rf6 Ke7 39. f4 Bd6 40. e5 Bc5 41. e6 fxe6 42. Rxg6 Bf2 43. Rh6 Rg3+ 44. Kh2 Rg4 {[%emt 0:34:40][%csl LRf4,LRh4] Black is clearly winning.} 45. Rh7+ Kf8 46. Rh6 Rxh4+ 47. Kg2 Rxf4 48. Rxe6 Bc5 49. Kh3 Rg4 50. a3 Kf7 51. Rh6 Rxg5 52. b4 axb4 53. axb4 Bf2 54. Rh7+ Kg6 55. Re7 Rb5 56. Re4 Kf5 57. Re8 Bd4 58. Kh4 Bf6+ {[%emt 0:00:27] Quite a comeback for Black.  Weighted Error Value: White=0.79/Black=0.49} 0-1

[Event "39th Muensterland Open 2022"]
[Site "Muenster"]
[Date "2022.10.04"]
[Round "5.10"]
[White "Schroeder, Lennart"]
[Black "Schmitzer, Klaus"]
[Result "0-1"]
[ECO "A13"]
[WhiteElo "2031"]
[BlackElo "2250"]
[Annotator "TA"]
[PlyCount "70"]
[EventDate "2022.10.01"]
[EventType "swiss"]
[EventCountry "GER"]
[SourceTitle "playchess.com"]
[Source "ChessBase"]
[SourceQuality "1"]
[TimeControl "40/5400+30:1800+30"]

1. Nf3 Nf6 2. c4 e6 3. g3 b6 4. Bg2 Bb7 5. O-O Be7 6. b3 O-O 7. Bb2 a5 {[%emt 0:01:29] A13: English Opening: 1...e6.} 8. Nc3 d6 9. d4 Ne4 {[%emt 0:04:31] White has an edge.} 10. Nd2 Nxc3 11. Bxc3 Bxg2 12. Kxg2 {[%emt 0:00:06] [#]} d5 $146 ({Predecessor:} 12... Nd7 13. e4 e5 14. d5 Bg5 15. Nf3 Bh6 16. Nh4 g6 17. Qc2 Nc5 18. a3 a4 {0-1 (71) Arjol Lopez,D (2137)-Camacho Collados,M (2393) Linares 2018}) 13. e3 Nc6 14. a3 Qd7 15. Qc2 Rfc8 16. Rfc1 Bf8 17. Bb2 Nd8 18. Nf3 f6 19. Ne1 (19. a4 $11 {might be stronger.}) 19... c5 (19... a4 {is interesting.} 20. Nf3 c5 21. dxc5 bxc5 22. bxa4 dxc4 23. Nd2 Rxa4 24. Nxc4 Nf7) 20. Qe2 (20. a4 $11) 20... a4 $17 21. dxc5 bxc5 22. bxa4 Rxa4 ({Better is} 22... d4 23. f4 Rxa4) 23. Rd1 Nc6 (23... Rb8 $17 {aiming for ...d4.} 24. Qc2 Qc6 25. cxd5 exd5) 24. cxd5 $11 exd5 25. Rac1 Na5 26. Rc2 Qb7 27. Qf3 Rd8 28. Bc1 (28. Nd3 $11) 28... Nc4 $15 29. Nd3 Qb3 30. Qe2 d4 {[%emt 0:04:07][%cal Bd5d4,Bd4d3][%mdl 32] Black has more active pieces.} (30... Re8 $5 ) 31. Nb2 $2 {[%emt 0:05:17] [#] White does not recover from this.} (31. exd4 $15 cxd4 32. Kg1) 31... Nxb2 $1 $19 ({Stronger than} 31... Nxa3 32. Nxa4 Nxc2 33. Nb2) 32. Rxb2 d3 ({Resist} 32... Qxa3 {[#]} 33. Rb8 $3 Rxb8 34. Bxa3 Rxa3 35. exd4 cxd4 36. Rxd4 $18) 33. Rxb3 $2 (33. Qf3 Qe6 34. Qb7) 33... dxe2 {[%emt 0:00:02] Black is winning.} 34. Re1 Rd1 35. Rxe2 Rxc1 {[%emt 0:05:29] Weighted Error Value: White=0.33/Black=0.13 (very precise)} 0-1

[Event "39th Muensterland Open 2022"]
[Site "Muenster"]
[Date "2022.10.05"]
[Round "6.1"]
[White "Pfreundt, Jakob"]
[Black "Bungarten, Jona"]
[Result "1-0"]
[ECO "D00"]
[WhiteElo "2394"]
[BlackElo "2010"]
[Annotator "TA"]
[PlyCount "63"]
[EventDate "2022.10.01"]
[EventType "swiss"]
[EventCountry "GER"]
[SourceTitle "playchess.com"]
[Source "ChessBase"]
[SourceQuality "1"]
[TimeControl "40/5400+30:1800+30"]

1. d4 d5 2. Nc3 Nf6 3. Bf4 Bf5 4. e3 e6 5. Bd3 Bg6 6. h4 {[%emt 0:00:15] [#] D00: 1 d4 d5: Unusual lines.} c5 $146 ({Predecessor:} 6... Bd6 7. h5 Bxd3 8. Qxd3 Bxf4 9. exf4 O-O 10. Nf3 c5 11. dxc5 Na6 12. O-O-O Rc8 13. h6 {1-0 (30) Erigaisi,A (2681)-Sjugirov,S (2696) Chess.com INT 2022}) 7. Bb5+ Nc6 8. h5 {[%emt 0:00:10] The position is equal.} Bf5 9. h6 gxh6 10. Bxh6 (10. Nf3 $11) 10... Bxh6 (10... Rg8 $5 11. Kf1 Bxh6 12. Rxh6 Ng4 $15) 11. Rxh6 Rg8 12. g3 Ng4 13. Rh1 Qd6 14. Qd2 O-O-O 15. O-O-O c4 16. Bxc6 Qxc6 17. f3 Nf6 18. g4 Bg6 19. Nh3 b5 20. a3 Rge8 (20... a5 $11) 21. Na2 Qb6 22. Nf4 e5 (22... Re7 $11 {remains equal.}) 23. dxe5 $16 Rxe5 24. Qd4 Rxe3 25. Qxb6 {[%emt 0:00:24] Really sharp!} axb6 26. g5 $1 Ne8 27. Nxd5 Rxf3 {[%emt 0:00:12] [#] This move loses the game for Black.} ({Black should play} 27... Re2 $1 $14 28. Nxb6+ Kc7) 28. Rhe1 $1 $40 {[%emt 0:01:09][%mdl 128] White attacks with force.} ({Worse is} 28. Nxb6+ Kc7 29. Nd5+ Kb8 $14) 28... Nd6 $2 (28... Rxd5 29. Rxd5 Nc7) 29. Re7 Be4 {[%emt 0:04:57] White must now prevent ...Bxd5.} 30. Nxb6+ {[%emt 0:01:06] Pair of Knights!} Kb8 31. Nd7+ Kc8 (31... Rxd7 $142 32. Rxd7 Nc8) 32. Rxd6 {[%emt 0:02:01] Weighted Error Value: White=0.09 (flawless) /Black=0.37} 1-0

[Event "39th Muensterland Open 2022"]
[Site "Muenster"]
[Date "2022.10.05"]
[Round "6.2"]
[White "Koellner, Ruben Gideon"]
[Black "Junk, Phillip"]
[Result "1-0"]
[ECO "D00"]
[WhiteElo "2403"]
[BlackElo "2085"]
[Annotator "TA"]
[PlyCount "69"]
[EventDate "2022.10.01"]
[EventType "swiss"]
[EventCountry "GER"]
[SourceTitle "playchess.com"]
[Source "ChessBase"]
[SourceQuality "1"]
[TimeControl "40/5400+30:1800+30"]

1. d4 d5 2. Bg5 Nf6 3. e3 c6 4. Bd3 Bg4 5. Nf3 Nbd7 6. h3 {[%emt 0:04:11] D00: 1 d4 d5: Unusual lines.} Bh5 (6... Bxf3 $5 7. Qxf3 Qb6 $11) 7. Nbd2 e6 8. Bf4 {[%emt 0:04:59] White is slightly better.} Be7 {[%emt 0:02:08] [#]} 9. c4 $146 ({Predecessor:} 9. O-O O-O 10. c3 Bg6 11. Bxg6 hxg6 12. Qe2 Qb6 13. Rac1 c5 14. Ne5 Rac8 15. a3 {1-0 (63) Boskovic,D (2438)-Nestorovic,L (2350) Palic 2014}) 9... c5 10. O-O O-O 11. b3 Rc8 12. Qb1 Bg6 13. Bxg6 hxg6 14. Rd1 Qb6 15. a3 a5 {[%emt 0:06:11] Prevents b4.} 16. Rc1 Rfd8 17. Ra2 Qa6 18. Bg5 Kf8 19. dxc5 dxc4 20. b4 b5 21. Nd4 {[%emt 0:06:42] a4 is the strong threat.} a4 {[%emt 0:06:16] [#]} (21... Ra8 $11 {remains equal.}) 22. N2f3 $1 $16 {[%emt 0:04:31] White has more active pieces.} Nd5 ({Black should play} 22... Nb8 $14) 23. Bxe7+ Nxe7 24. Rd2 Nf6 25. Rcd1 {[%emt 0:01:58][%cal Od4e6] Strongly threatening Nxe6+!} Ke8 26. Qc2 Nf5 {[%emt 0:04:59] [#] Loses the game.} (26... Qb7 $16 {keeps fighting.}) 27. Ne2 $1 $18 {[%emt 0:02:52] aiming for Nc3.} Rxd2 28. Qxd2 {[%emt 0:00:32] And now Nc3 would win.} ({Don't take} 28. Rxd2 $6 Ne7 29. e4 Rd8 30. Rxd8+ Kxd8) ({Less strong is} 28. Nxd2 Rd8 $14) 28... Qb7 29. Nc3 {[%emt 0:00:16][%cal Oe3e4] Black must now prevent e4!} Rb8 $2 (29... Nd5 {is a better defense.} 30. Nxd5 exd5 31. Qxd5 Qxd5 32. Rxd5 Ne7) 30. e4 {[%emt 0:03:45] White is clearly winning.} Ne7 31. Nd4 Nxe4 32. Nxe4 Qxe4 {[%emt 0:00:03] [#]} 33. Nxb5 $1 Nf5 (33... Qd3 34. Qc1) 34. Qd7+ Kf8 35. Nd6 {[%emt 0:00:06] Weighted Error Value: White=0.05 (flawless) /Black=0.30} 1-0

[Event "39th Muensterland Open 2022"]
[Site "Muenster"]
[Date "2022.10.05"]
[Round "6.3"]
[White "Schmitzer, Klaus"]
[Black "Dordevic, Tom"]
[Result "0-1"]
[ECO "B90"]
[WhiteElo "2250"]
[BlackElo "1767"]
[Annotator "TA"]
[PlyCount "108"]
[EventDate "2022.10.01"]
[EventType "swiss"]
[EventCountry "GER"]
[SourceTitle "playchess.com"]
[Source "ChessBase"]
[SourceQuality "1"]
[TimeControl "40/5400+30:1800+30"]

1. e4 c5 2. Nf3 d6 3. d4 cxd4 4. Nxd4 Nf6 5. Nc3 a6 6. f3 e5 7. Nb3 Be6 8. Be3 h5 9. Qd2 Nbd7 10. O-O-O Rc8 11. Kb1 Be7 12. g3 {[%emt 0:01:16] B90: Sicilian Najdorf: Unusual White 6th moves, 6 Be3 Ng4 and 6 Be3 e5.} Qc7 13. h3 g6 14. Qf2 {[%emt 0:03:21] [#] White is slightly better.} Kf8 $146 ({Predecessor:} 14... b5 15. Rd2 Qb7 16. Na5 Qc7 17. Nb3 Qb7 18. Na5 Qa8 19. Bg2 Rxc3 20. bxc3 Qc8 {0-1 (34) Kantans,T (2479)-Tazbir,M (2527) Finland 2014}) 15. Nd5 Bxd5 16. exd5 Kg7 17. Bg2 (17. c3 $5 ) 17... b5 (17... a5 $14) 18. g4 (18. a3 $16) 18... a5 $1 $14 19. g5 Nh7 20. f4 a4 {[%emt 0:04:36] [#]} 21. Nc1 (21. Nd4 $1 $16 ) 21... exf4 22. Bd4+ Ne5 23. h4 {[%emt 0:00:12] Threatens to win with Nd3.} Nf8 ({Black should try} 23... f6 $14) 24. Nd3 Nfd7 25. Bh3 {[%emt 0:05:45] This bishop pair is nice.} Rhe8 (25... Rhd8 $16 26. Nxf4 Kg8) 26. Bxd7 $18 (26. Nxf4 $6 Kg8 27. Bxe5 Nxe5 $18) 26... Qxd7 27. Nxe5 (27. Qxf4 $18 {is the precise move to win.} Qg4 28. Qxg4 (28. Bxe5+ dxe5 29. Qxe5+ Kg8 $16) 28... hxg4 29. Nxe5 dxe5 30. Bxe5+ f6 31. Bc3) 27... dxe5 $16 28. Bxe5+ Kg8 29. Qxf4 {[%emt 0:05:41] Hoping for Rhf1.} Bf8 $2 ({Black should play} 29... Rc4 $14 30. Bd4 (30. Rd4 Rxd4 31. Bxd4 Qxd5 $11) 30... Bc5) 30. Qf6 $18 Rxe5 31. Qxe5 a3 32. b3 Bg7 33. Qf4 Qa7 (33... Bf8 $142 34. Rhe1 Bd6) 34. Rd3 Qc5 35. Qd2 b4 36. Qe2 Qd6 37. Re1 Kh7 38. Qf2 Rc7 39. Qg3 Re7 $2 (39... Qc5 40. Re2 Rd7) 40. Rxe7 (40. Qxd6 $2 {gets mated.} Rxe1+) 40... Qxe7 {[%emt 0:00:07][%mdl 4096] Endgame KQR-KQB} 41. d6 Qe2 42. Qf3 (42. Qe3 $142 Qxe3 43. Rxe3) 42... Qe5 43. c3 $4 (43. Kc1 $18 Qe1+ 44. Rd1 Qxh4 45. Qd5 (45. Qxf7 Qxg5+ 46. Rd2 Qg1+ 47. Rd1 Qg5+ 48. Rd2 Qg1+ 49. Rd1 Qg5+ $11)) 43... bxc3 $2 $40 {[%emt 0:00:00][%mdl 128] Black is up to no good.} (43... Qh2 $19 44. Kc1 Qxa2 45. cxb4 Qb2+ 46. Kd1 a2) 44. Qe3 {[%emt 0:00:00] Threatening mate with Qxe5.} (44. Qxf7 Qe2 45. Kc1 Qb2+ 46. Kd1 c2+ 47. Ke2 c1=Q+) 44... c2+ {[%emt 0:00:00][%mdl 64] Decoy} (44... Qh2 $5 45. Qc1 $8 c2+ 46. Qxc2 Qe5 $11) 45. Kxc2 {[%emt 0:00:00] Intending Qxe5 and mate.} Qb2+ 46. Kd1 {[%emt 0:00:00] And now d7 would win.} Qxa2 47. d7 {[%emt 0:00:00] Black must now prevent Qe8.} Qb1+ 48. Ke2 a2 {[%emt 0:00:00] Dancing on a razor blade.} 49. d8=Q $4 (49. Kf3 {leads to mate.} Qh1+ 50. Kg3 a1=Q) (49. Rd1 $11 Qxd1+ 50. Kxd1 a1=Q+ 51. Ke2) 49... a1=Q $19 {[%emt 0:00:00] ( -> ...Qf1+)} 50. Rd1 {[%emt 0:00:00] Against Qf1+} Qc2+ 51. Rd2 Qad1+ {[%emt 0:00:00] Black mates.} 52. Kf2 Qf5+ 53. Kg2 Qdf1+ 54. Kh2 Be5+ {[%emt 0:00:01] A wild game.  Weighted Error Value: White=0.57/Black=0.41} 0-1

[Event "39th Muensterland Open 2022"]
[Site "Muenster"]
[Date "2022.10.05"]
[Round "6.4"]
[White "Jansen, Dirk Norbert"]
[Black "Scholz, Christian"]
[Result "1/2-1/2"]
[ECO "E63"]
[WhiteElo "2125"]
[BlackElo "2332"]
[Annotator "TA"]
[PlyCount "80"]
[EventDate "2022.10.01"]
[EventType "swiss"]
[EventCountry "GER"]
[SourceTitle "playchess.com"]
[Source "ChessBase"]
[SourceQuality "1"]
[TimeControl "40/5400+30:1800+30"]

1. c4 Nf6 2. Nc3 g6 3. g3 Bg7 4. Bg2 O-O 5. d4 d6 6. Nf3 Nc6 7. O-O a6 8. h3 Rb8 9. e4 b5 10. cxb5 {[%emt 0:02:35] 10.cxb5 was played by the boomers.} axb5 11. Re1 e5 {[%emt 0:10:45] E63: King's Indian: Fianchetto: Panno Variation with 7...a6.} 12. dxe5 dxe5 (12... Nxe5 $11 13. Nxe5 dxe5) 13. Bg5 $14 Be6 {[%emt 0:12:07] Inhibits Nd5. White is slightly better.} 14. Nd5 {[%emt 0:06:32] [#]} Ra8 $146 (14... Bxd5 $14 15. exd5 Qxd5) ({Predecessor:} 14... Bxd5 15. exd5 Qxd5 16. Nxe5 Qxd1 17. Raxd1 Nxe5 18. Rxe5 Rfe8 19. Rc5 Re2 20. Bc1 Ne8 {1-0 (61) Fehd-Downs,R Dos Hermanas 2004}) 15. Rc1 $18 Ra6 16. Bf1 (16. a4 $18 Bxd5 17. axb5) 16... Bxd5 $16 17. exd5 Na7 (17... Nd4 $16 {keeps fighting.}) 18. Nxe5 $18 ({Don't play} 18. Rxe5 $6 Rxa2 19. Qb3 Ra6 $16) 18... Rxa2 19. Ra1 $2 (19. Bg2 $18) 19... Rxa1 $14 20. Qxa1 Nc8 21. Bxb5 Qxd5 22. Bc4 {[%emt 0:04:18] A strong pair of Bishops.} Qd4 {[%emt 0:00:51] Strongly threatening ...Ne4.} 23. Qa4 $1 {[%emt 0:05:51] aiming for Bxf7+. White is more active.} Qxb2 (23... Nd5 $16 {was worth a try.} 24. Nc6 Ncb6 25. Nxd4 Nxa4) 24. Nxf7 (24. Bxf7+ $1 $18 {is more deadly.} Kh8 25. Bxg6 $1 ) 24... Nb6 $16 {[%emt 0:00:32] [#]} 25. Nh6+ (25. Qb3 $1 $16 Qxb3 26. Nh6+ Kh8 27. Bxb3) 25... Kh8 $11 26. Qa2 Nfd5 $2 27. Qxb2 ({White should try} 27. Nf7+ $18 Kg8 28. Bxd5 Nxd5 29. Qxd5 Rxf7 30. Re8+ Bf8 31. Bf4) 27... Bxb2 $14 28. Bxd5 Nxd5 29. Ng4 h5 30. Ne3 c6 31. Nxd5 cxd5 $11 {[%emt 0:00:00][%mdl 4096] Endgame KRB-KRB} 32. Re6 Kg7 33. Rd6 Rf5 34. Be3 Kf7 35. Kf1 Ba3 36. Rd7+ Kf8 37. g4 hxg4 {[%emt 0:00:13] The position is equal.} 38. hxg4 Re5 39. Bf4 Re4 40. Be3 Rxg4 {[%emt 0:00:17] Black defended with fortune.  Weighted Error Value: White=0.29 (precise) /Black=0.32} 1/2-1/2

[Event "39th Muensterland Open 2022"]
[Site "Muenster"]
[Date "2022.10.05"]
[Round "6.5"]
[White "Rott, Georg"]
[Black "Goldschmidt, Christian"]
[Result "1-0"]
[ECO "C48"]
[WhiteElo "2064"]
[BlackElo "2230"]
[Annotator "TA"]
[PlyCount "123"]
[EventDate "2022.10.01"]
[EventType "swiss"]
[EventCountry "GER"]
[SourceTitle "playchess.com"]
[Source "ChessBase"]
[SourceQuality "1"]
[TimeControl "40/5400+30:1800+30"]

1. e4 e5 2. Nf3 Nc6 3. Bb5 Nf6 4. d3 Bc5 5. Nc3 Nd4 6. Nxd4 {[%emt 0:03:15] C48: Four Knights: 4 Bb5, replies other than 4...Bb4.} (6. Nxe5 {looks sharper.} O-O 7. Bc4 d6 8. Nxf7 Rxf7 9. Bxf7+ Kxf7 10. Be3) 6... Bxd4 7. O-O c6 8. Bc4 {[%emt 0:00:22] The position is equal.} d6 9. Ne2 {[%emt 0:10:06] [#]} b5 $146 ({Predecessor:} 9... Bb6 10. a4 d5 11. exd5 cxd5 12. Bb5+ Bd7 13. Bg5 Bxb5 14. axb5 h6 15. Bh4 Qd6 {1-0 (85) Razafindratsima,T (2376)-Vlachos,A (2409) Marseille 2021}) 10. Nxd4 bxc4 11. Ne2 ({Worse is} 11. Nxc6 Qb6 12. Nxa7 Qxa7 $17) 11... O-O 12. Bg5 cxd3 13. Qxd3 h6 14. Bh4 g5 15. Bg3 Qe7 16. c4 Ba6 17. Nc3 Rad8 18. Rfe1 Nh5 19. b3 Ng7 20. Rad1 Ne6 21. Qf3 (21. f3 $14) 21... Bb7 22. h4 Kg7 23. Rd3 Nd4 24. Qh5 Qf6 25. Bh2 Qg6 ({Much less strong is} 25... gxh4 26. f4 exf4 27. Rf1 $14) 26. Qxg6+ Kxg6 27. hxg5 hxg5 28. f3 f6 29. Kf2 Rh8 30. Bg3 Rh7 31. Rb1 Ba6 32. Rdd1 Kf7 33. Rh1 Rdh8 34. Rxh7+ Rxh7 35. Rc1 Ke6 36. Na4 f5 37. exf5+ Nxf5 38. Re1 {[%emt 0:01:50][%cal Og3e5] Black must now prevent Bxe5!} (38. Nc3 $5 ) 38... c5 $2 {[%emt 0:08:12] [#] A mistake that costs the game.} (38... Bb7 $15 {stays ahead.}) 39. Bxe5 $1 $18 Kd7 (39... Bb7 {was worth a try.}) 40. Bf6 g4 41. fxg4 Nh6 42. Kg3 Bb7 43. Nc3 Nxg4 $2 (43... Ng8) 44. Kxg4 Bxg2 45. Re2 Bh1 46. Kg5 a6 (46... Kc8 $142 47. Nb5 d5 48. cxd5 Rd7) 47. Kg6 Rh3 48. Kf7 Rh7+ 49. Bg7 Kc6 50. Rd2 Rh3 51. Bf6 a5 52. Re2 Rd3 53. Ke7 {[%emt 0:00:00] [#] Strongly threatening Re6.} Bf3 54. Re1 Rd2 55. Re3 Bg2 56. Bg7 Bh1 57. Re6 Bg2 58. Be5 Bh3 59. Rxd6+ Rxd6 60. Bxd6 Bf5 61. Bf4 a4 62. Nxa4 {[%emt 0:00:00] Weighted Error Value: White=0.14 (very precise) /Black=0.28 (precise)} 1-0

[Event "39th Muensterland Open 2022"]
[Site "Muenster"]
[Date "2022.10.05"]
[Round "6.6"]
[White "Panjer, Sidney"]
[Black "Torres-Kuckel, Rafael"]
[Result "1/2-1/2"]
[ECO "E17"]
[WhiteElo "2197"]
[BlackElo "2096"]
[Annotator "TA"]
[PlyCount "51"]
[EventDate "2022.10.01"]
[EventType "swiss"]
[EventCountry "GER"]
[SourceTitle "playchess.com"]
[Source "ChessBase"]
[SourceQuality "1"]
[TimeControl "40/5400+30:1800+30"]

1. Nf3 d5 2. d4 Nf6 3. c4 e6 4. g3 Be7 5. Bg2 O-O 6. Qc2 b6 7. O-O Bb7 8. Rd1 Nbd7 9. Ne5 c5 (9... Nxe5 {feels hotter.} 10. dxe5 Ng4 11. cxd5 exd5 12. Bf4 g5) 10. Nxd7 {[%emt 0:09:42] E17: Queen's Indian: 4 g3 Bb7 5 Bg2 Be7.} (10. cxd5 {is more complex.} Nxd5 11. Nxd7 Qxd7 12. dxc5 Bxc5 13. a3) 10... Qxd7 ({Don't take} 10... Nxd7 11. cxd5 Bxd5 12. Bxd5 exd5 13. Nc3 $14) 11. dxc5 bxc5 12. cxd5 exd5 13. Bg5 Rac8 14. Nc3 d4 {[%emt 0:02:26] [#] aiming for ...Bxg2.} 15. Bxb7 Qxb7 16. Bxf6 Bxf6 17. Ne4 $132 {[%emt 0:00:37][%mdl 2048] White is not keeping still} Be7 {[%emt 0:01:22] [#] Against Nd6} 18. Nd2 $146 ({Predecessor:} 18. b3 Rfd8 19. Nd2 Qd5 20. Nc4 Bf6 21. Qd3 Re8 22. Rac1 Rcd8 23. e3 {1-0 (76) Flom,G (2474)-Ballester,A (2099) Europe Echecs INT 2021}) 18... Rfe8 19. Nc4 h5 20. h4 Bf8 21. Rac1 Re6 22. Qd3 $1 g6 23. Rc2 Rce8 24. b3 Qe7 25. Re1 Qc7 (25... Bh6 $15) 26. Qf3 {[%emt 0:14:37] Weighted Error Value: White=0.09 (flawless) /Black=0.11 (very precise)} 1/2-1/2